 Dungeon Crawl Stone Soup version 0.23-a0-303-gfcac5de (webtiles) character file.

32 Amnesiac the Ducker (level 3, -1/22 HPs)
             Began as a Deep Elf Fighter on Oct 8, 2018.
             Slain by Sigmund
             ... wielding a +0 scythe
              (8 damage)
             ... on level 3 of the Dungeon.
             The game lasted 00:02:07 (1055 turns).

Amnesiac the Ducker (Deep Elf Fighter)              Turns: 1055, Time: 00:02:07

Health: -1/22      AC:  6    Str: 14    XL:     3   Next: 10%
Magic:  5/5        EV:  7    Int: 12    God:
Gold:   22         SH:  8    Dex: 14    Spells: 2/2 levels left

rFire    . . .     SeeInvis .   a - +0 long sword
rCold    . . .     Gourm    .   c - +0 shield
rNeg     . . .     Faith    .   b - +0 scale mail
rPois    .         Spirit   .   (no helmet)
rElec    .         Reflect  .   (no cloak)
rCorr    .         Harm     .   (no gloves)
MR       .....                  (no boots)
Stlth    ..........             (no amulet)
HPRegen  0.07/turn              (no ring)
MPRegen  0.09/turn              (no ring)

@: very slightly contaminated
A: no striking features
a: no special abilities


You were on level 3 of the Dungeon.
You were not hungry.

You visited 1 branch of the dungeon, and saw 3 of its levels.

You collected 22 gold pieces.

Inventory:

Hand Weapons
 a - a +0 long sword (weapon)
Armour
 b - a +0 scale mail (worn)
 c - a +0 shield (worn)
 g - a +0 cloak
Scrolls
 h - 2 scrolls of remove curse {!r, unknown}
 k - a scroll of identify {!r, unknown}
 l - a scroll of random uselessness {!r, unknown}
Potions
 d - a potion of might {!q}
 e - a potion of invisibility {!q}
 j - a potion of heal wounds {!q}
Comestibles
 f - a ration
 i - a chunk of flesh


   Skills:
 * Level 2.6 Fighting
 - Level 2.0 Long Blades
 * Level 2.6 Armour
 + Level 2.6 Dodging
 - Level 2.4 Shields


You had 2 spell levels left.
You didn't know any spells.
Your spell library was empty.

Dungeon Overview and Level Annotations

Branches:
Dungeon (3/15)

Altars:

Annotations:
D:3 Sigmund


Message History

Sigmund gestures at you while chanting. You resist with some effort.
A goblin comes into view. It is wielding a dagger.
Sigmund casts a spell at you.
You are confused.
You bump into the rock wall.
The jackal barks! x2
Sigmund hits you with a scythe.
You're too confused to move!
The jackal barks! x2
The jackal barks! x2
Sigmund points at you and mumbles some strange words.
You resist with some effort.
The jackal barks!
You hear a shout!
Sigmund hits you but does no damage.
You miss Sigmund.
The jackal barks!
The jackal barely misses you. Sigmund barely misses you.
The jackal barely misses you.
You miss Sigmund. The jackal barely misses you. The goblin closely misses you.
Sigmund hits you with a scythe!
* * * LOW HITPOINT WARNING * * *
An orc comes into view. It is wielding a mace.
An ooze comes into view.
The jackal closely misses you.
You feel less confused.
The jackal barks!
Really quaff
j - 2 fizzy blue potions {!q}?
It was a potion of heal wounds {!q}.
You feel much better.
The orc shouts!
The jackal barks!
You hit the jackal.
The jackal is heavily wounded.
The orc shouts!
Sigmund casts a spell at you.
The jackal appears confused.
You flicker for a moment.
The orc shouts!
Sigmund hits you with a scythe! You block the goblin's attack.
You catch the helpless Sigmund completely off-guard!
You slash Sigmund!
Sigmund is moderately wounded.
The orc shouts!
The ooze barely misses you. The goblin hits you but does no damage.
Sigmund barely misses you.
You hit Sigmund but do no damage.
Sigmund is moderately wounded.
The orc shouts!
You block the ooze's attack. You block the goblin's attack.
The jackal barely misses the jackal.
A worm comes into view.
The ooze closely misses you.
You closely miss Sigmund.
Sigmund is moderately wounded.
The orc shouts!
Sigmund hits you with a scythe.
* * * LOW HITPOINT WARNING * * *
The goblin hits you but does no damage. The ooze hits you.
* * * LOW HITPOINT WARNING * * *
You block the goblin's attack.
You hit Sigmund but do no damage.
Sigmund is moderately wounded.
You flicker back into view.
The jackal barely misses Sigmund.
Sigmund hits you with a scythe!
You die...

..... ...... #### #####
...... ....##### #...
w.o...
..$.....####.####.....
.................h..
#...............######.#
#..<......J@h........
#.#.)..#....@g.....##
#.......#######)##..#
###......# #.# .
....#..............#
##.##...#.....<.#.....w
#. ###............####
## .###......# ## .
#......## . .#..##.


You could see Sigmund, a worm, an ooze, an orc, 2 jackals and a goblin.

Vanquished Creatures
  An adder (D:2)
  A worm (D:2)
  A dart slug (D:3)
  A leopard gecko (D:2)
  6 goblins
  A hobgoblin (D:3)
  A jackal (D:2)
  A quokka (D:2)
  A ball python (D:2)
  A frilled lizard (D:2)
  2 kobolds (D:1)
17 creatures vanquished.

Notes
Turn   | Place    | Note
-------+----------+-------------------------------------------
     0 | D:1      | Amnesiac the Deep Elf Fighter began the quest for the Orb.
     0 | D:1      | Reached XP level 1. HP: 13/13 MP: 3/3
   180 | D:1      | Reached skill level 1 in Dodging
   244 | D:2      | Noticed a crimson imp
   595 | D:2      | Reached XP level 2. HP: 18/18 MP: 4/4
   765 | D:3      | Noticed Sigmund
   866 | D:2      | Reached XP level 3. HP: 19/22 MP: 5/5
  1055 | D:3      | Slain by Sigmund

Vault maps used:
D:1:      lightli_arrival_lavapool
D:2:      dancing_weapons_uskayaw
D:3:      first_ration, minmay_crystal_water, uniq_sigmund

Skill      XL: |  1 |
---------------+----+-----
Dodging        | 2 |  2.6
Long Blades    | 2 |  2.0
Fighting       | |  2.6
Armour         | |  2.6
Shields        | |  2.4

Action                   || total
-------------------------++-------
Melee: Long sword        ||    83
  Use: Potion            ||     2
 Stab: Invisible         ||     2
  Eat: Ration            ||     1
Armor: Scale mail        ||    32
Dodge: Dodged            ||    27
Block: Shield            ||    57
       Rpst.: Long sword ||     4

Table legend:
 A = Non-vault XP
 B = Vault XP
 C = Vault XP percentage of total XP
 D = Non-vault monster count
 E = Vault monster count
 F = Vault count percentage of total count
                 A         B        C        D         E       F
            +---------+---------+-------+---------+---------+-------
      Total |      47 |       0 |   0.0 |      17 |       0 |   0.0
            +---------+---------+-------+---------+---------+-------
        D:1 |       6 |       0 |   0.0 |       4 |       0 |   0.0
        D:2 |      33 |       0 |   0.0 |      10 |       0 |   0.0
        D:3 |       8 |       0 |   0.0 |       3 |       0 |   0.0
            +---------+---------+-------+---------+---------+-------
